Description

:D

Build Order

Get SALT Encoding   

  14  0:17  Supply Depot  
  15  0:28  Refinery  
  16  0:45  Barracks  
  19  1:32  Orbital Command, Reaper  
  20  1:54  Command Center  
  21  2:05  Factory, Barracks Reactor  
  22  2:17  Supply Depot  
  22  2:25  Refinery  
  25  2:52  Starport  swap factory to reactor
  25  2:58  Hellion x2  
  29  3:05  Orbital Command  
  29  3:22  Hellion x2  
  36  3:30  Viking  
  38  3:40  Supply Depot  
  40  3:45  Hellion x2  
  47  4:00  Supply Depot, Liberator, Barracks Tech Lab  
  47  4:10  Hellion x2  
  55  4:30  Action  swap barrack to reactor and factory to tech lab
  60  4:35  Cyclone  
  62  4:45  Starport Tech Lab  
  62  5:11  Command Center, Raven  
  64  5:18  Refinery x2  
  64  5:52  Siege Tank  
  70  5:48  Action  Swap barrack to reactor of starport
  70  5:50  Barracks x2  swap starport to reactor
  76  6:00  Stimpack  
  86  6:35  Engineering Bay x2  
  119  7:42  Refinery x2  
  121  8:00  Barracks x2  
  157  9:00  Command Center  
Spawning Tool Build Advisor. Get it on Overwolf

Go to:

Details

  • Created by: StriKE_SC2
  • Published on: Feb 26, 2019
  • Modified on: Feb 26, 2019
  • Patch: 4.7.1
Show
View Real Time Build Order
Export as new Build Order

Comments (0)

There are no comments. Be the first!

Create an account to comment!